 Dungeon Crawl Stone Soup version 0.27.0-1-g7a089689b8 (webtiles) character file.

Game seed: 16035729727219759910

427 Sobieck the Chopper (level 6, -9/50 HPs)
             Began as a Palentonga Fighter on Aug 5, 2021.
             Was an Initiate of Ru.
             Mangled by Duvessa (14 damage)
             ... on level 4 of the Dungeon.
             The game lasted 00:08:59 (4263 turns).

Sobieck the Chopper (Palentonga Fighter)            Turns: 4263, Time: 00:08:59

Health: -9/50      AC: 10    Str: 21    XL:     6   Next: 65%
Magic:  6/6        EV:  5    Int:  9    God:    Ru [......]
Gold:   249        SH:  8    Dex:  9    Spells: 5/5 levels left

rFire    . . .     SeeInvis +   a - +1 war axe {axe}
rCold    . . .     Faith    .   c - +0 kite shield
rNeg     . . .     Spirit   .   b - +0 scale mail
rPois    .         Reflect  .   (no helmet)
rElec    .         Harm     .   (no cloak)
rCorr    .         Rampage  .   (no gloves)
Will     .....                  (no barding)
Stlth    ..........             (no amulet)
HPRegen  0.16/turn              o - +4 ring of protection
MPRegen  0.10/turn              (no ring)

@: mighty
A: large, rugged brown scales 3, see invisible, deformed body, no stealth, roll
1, armoured tail
a: Rolling Charge, Renounce Religion


You were on level 4 of the Dungeon.
You worshipped Ru.
Ru was noncommittal.
You visited 1 branch of the dungeon, and saw 4 of its levels.

You collected 249 gold pieces.


Innate Abilities, Weirdness & Mutations

You are completely covered in rugged brown scales. (AC +3, +7% HP)
You have supernaturally acute eyesight. (SInv)
Armour fits poorly on your strangely shaped body.
You cannot be stealthy.
You can roll at nearby foes to attack.
You have a long armoured tail.


   Skills:
 - Level 3.0 Fighting
 + Level 7.1 Axes
 - Level 2.4 Armour
 + Level 2.6 Shields


You had 5 spell levels left.
You didn't know any spells.
Your spell library contained the following spells:

 Spells                   Type           Power      Damage    Failure   Level
 Airstrike                Air            0%         N/A       100%        4
 Summon Lightning Spire   Summ/Air       0%         N/A       100%        4
 Lightning Bolt           Conj/Air       0%         1d11      100%        5

Inventory:

Hand Weapons
 a - a +1 war axe (weapon) {axe}
 j - a +2 flail of venom {mace}
   (You took it off a gnoll on level 4 of the Dungeon)
 l - a +3 scythe of venom {polearm}
   (You took it off Sigmund on level 4 of the Dungeon)
Missiles
 f - 17 sling bullets
 g - 38 arrows
 h - 57 stones {throwing}
 k - 29 poisoned darts {throwing}
 u - 2 javelins {throwing}
Armour
 b - a +0 scale mail (worn)
 c - a +0 kite shield (worn)
 i - a +0 helmet
   (You found it on level 1 of the Dungeon)
Jewellery
 o - a +4 ring of protection (left hand)
   (You found it on level 2 of the Dungeon)
Wands
 r - a wand of charming (12)
   (You found it on level 2 of the Dungeon)
Scrolls
 q - a scroll of enchant armour {unknown}
 v - a scroll of teleportation {@r4}
 x - a scroll of fear
 y - a scroll of magic mapping {!r}
Potions
 e - a potion of mutation {!q}
 m - a potion of curing {@q1}
 n - a potion of magic {unknown}
 p - a potion of flight {unknown}
 s - a potion of brilliance
 t - a potion of lignification {unknown}
 w - 2 potions of degeneration {unknown}

Dungeon Overview and Level Annotations

Branches:
Dungeon (4/15)
 Temple: D:4-7

Altars:
Ru

Shops:
D:1 (=:   D:3 *

Annotations:
D:4 Duvessa

###.. ###)... #..... #
#...###### ### ## ####
##...##..###.. ..# ###..#
#...<#........ ....
#....####............ .....
##..e......#.........
#....###...@).....#.........
#.......................#.
#........................
#...†.......###.#........
#...#..#...######........
#...#..##.#..###......##.
#....#..#.....##.......###
###.......................
............##.........#


You could see Duvessa (berserk).


Message History

a +0 spear {polearm}; a +0 robe; a gnoll corpse
Things that are here:
a +0 whip {mace}; a gnoll corpse You now have 164 gold pieces (gained 13).
You now have 171 gold pieces (gained 7).
You now have 184 gold pieces (gained 13).
You now have 194 gold pieces (gained 10).
You now have 208 gold pieces (gained 14).
You now have 220 gold pieces (gained 12).
You now have 229 gold pieces (gained 9).
You now have 238 gold pieces (gained 9).
You now have 245 gold pieces (gained 7).
l - a +3 scythe of venom {polearm} You see here a +0 robe.
q - a scroll labelled QUDWEA REUGU Unknown command.
u - 2 javelins {throwing}
w - 2 glowing inky potions You now have 249 gold pieces (gained 4).
y - a scroll of magic mapping {!r} A ball python comes into view.
Danger!
Unknown command.
There's nothing you can charge at!
Roll where?
Press: ? - help, Dir - move target, f - ball python
Aim: a ball python You roll forward with a clatter of scales!
You closely miss the ball python. You tail-slap the ball python.
You kill the ball python!
You hear a shout!
No target in view!
Dowan, Brother of Duvessa comes into view.
He is wielding a +0 dagger.
Found a stone staircase leading down.
You see here a ball python corpse.
Danger!
There is a stone staircase leading up here.
Dowan casts a spell at you. You resist with some effort.
Dowan gestures at you while chanting.
The puff of frost hits you but does no damage.
Dowan says, "Magic and the sword, together, will defeat you."
Dowan casts a spell at you.
You are outlined in light.
There is a stone staircase leading up here.
You climb upwards.
There is a stone staircase leading down here.
You start waiting.
You are no longer glowing.
Done waiting.
You climb downwards.
Level annotation: Dowan
There is a stone staircase leading up here.
Danger!
Okay, then.
Duvessa, Sister of Dowan comes into view.
She is wielding a +0 rapier.
Duvessa shouts!
Dowan hits you with a +0 dagger.
Roll where?
Press: ? - help, Dir - move target, f - Duvessa
Aim: Duvessa, wielding a +0 rapier and wearing a +0 leather armour You roll forward with a clatter of scales!
You closely miss Duvessa. You block Duvessa's attack.
Duvessa says, "When magic and the sword combine, nothing stands against them."
Duvessa hits you with a +0 rapier.
Unknown command.
Duvessa hits you with a +0 rapier!
You hit Duvessa. You barely miss Dowan. You block Duvessa's attack.
You block Dowan's attack.
Unknown command.
You closely miss Duvessa. You hit Dowan but do no damage.
Duvessa hits you but does no damage.
Dowan points at you and mumbles some strange words.
The puff of frost hits you but does no damage.
You hit Duvessa. You slash Dowan! Duvessa hits you with a +0 rapier!
Dowan points at you and mumbles some strange words.
You resist with some effort. Duvessa hits you with a +0 rapier.
* * * LOW HITPOINT WARNING * * *
You block Dowan's attack.
Unknown command.
You closely miss Duvessa. You hit Dowan. Duvessa barely misses you.
Dowan hits you with a +0 dagger.
* * * LOW HITPOINT WARNING * * *
Unknown command.
You closely miss Duvessa. You miss Dowan. Duvessa hits you with a +0 rapier.
* * * LOW HITPOINT WARNING * * *
You block Dowan's attack. Duvessa closely misses you.
Dowan hits you but does no damage.
Unknown command.
You barely miss Duvessa. You slash Dowan!
You kill Dowan!
Duvessa screams in rage.
Duvessa goes berserk!
Duvessa hits you with a +0 rapier!
* * * LOW HITPOINT WARNING * * *
Duvessa hits you with a +0 rapier.
* * * LOW HITPOINT WARNING * * *
You feel very mighty all of a sudden. Duvessa hits you with a +0 rapier!
You die...

Skill      XL: |  1  2  3  4  5  6 |
---------------+-------------------+-----
Axes           | 3 4 5 6 7 |  7.1
Fighting       | |  3.0
Armour         | |  2.4
Shields        | |  2.6

Action                   |  1- 3 |  4- 6 || total
-------------------------+-------+-------++-------
Melee: War axe           |    78 |   121 ||   199
       Tailslap          |    10 |    12 ||    22
Invok: Sacrifice Stealth |       |     1 ||     1
 Abil: Rolling Charge    |    24 |    22 ||    46
  Use: Scroll            |       |    10 ||    10
       Potion            |       |     2 ||     2
Armor: Scale mail        |    39 |    78 ||   117
Dodge: Dodged            |    13 |    42 ||    55
Block: Kite shield       |    25 |    62 ||    87

Levels and vault maps discovered:
D:1:      onia_arrival_pyramid, layout_loops_ring, serial_shops,
          nicolae_shop_statue_plus, shop, nicolae_shop_stone,
          minmay_shallow_snake_nest
D:2:      layout_rooms, hellmonk_ecumenical_altar_the_god_not_taken
D:3:      layout_loops_corners, serial_shops, shop_statue,
          chequers_serial_rivers_room_a
D:4:      layout_cave_pools, mainiacjoe_overflow_alcove_2, kennysheep_mini_moat,
          minmay_gold_behind_fungi, uniq_sigmund, uniq_duvessa

Notes
Turn   | Place    | Note
-------+----------+-------------------------------------------
     0 | D:1      | Sobieck the Palentonga Fighter began the quest for the Orb.
     0 | D:1      | Reached XP level 1. HP: 19/19 MP: 1/1
    55 | D:1      | Found Cuhuenio's Jewellery Boutique.
    74 | D:1      | Found Cefiops's Book Emporium.
   283 | D:1      | Reached XP level 2. HP: 25/25 MP: 2/2
   293 | D:1      | Reached skill level 3 in Axes
   367 | D:1      | Found Saxke's Weapon Shoppe.
   546 | D:1      | Reached XP level 3. HP: 31/31 MP: 3/3
   798 | D:2      | HP: 6/31 [worm (7)]
  1055 | D:2      | Reached skill level 4 in Axes
  1286 | D:2      | Reached XP level 4. HP: 16/37 MP: 4/4
  1827 | D:2      | Found a faded altar of an unknown god.
  1831 | D:2      | Found a faded altar of an unknown god.
  1840 | D:2      | Became a worshipper of Ru the Awakened
  1911 | D:3      | Gained mutation: You cannot be stealthy. [Ru sacrifice]
  2456 | D:3      | You pick up a book of Storms and begin reading...
  2456 | D:3      | You add the spells Airstrike, Summon Lightning Spire and
                  | Lightning Bolt to your library.
  2461 | D:3      | Found Zuezip's Assorted Antiques.
  2596 | D:3      | Reached skill level 5 in Axes
  3110 | D:4      | Noticed Sigmund
  3196 | D:3      | Reached XP level 5. HP: 24/43 MP: 5/5
  3412 | D:4      | Killed Sigmund
  3413 | D:4      | Reached skill level 6 in Axes
  3413 | D:4      | Reached XP level 6. HP: 50/50 MP: 6/6
  3780 | D:4      | Reached skill level 7 in Axes
  4129 | D:4      | Noticed Dowan
  4253 | D:4      | Noticed Duvessa
  4262 | D:4      | Killed Dowan
  4262 | D:4      | HP: 9/50 [Duvessa (9)]
  4263 | D:4      | Mangled by Duvessa

Vanquished Creatures
  Sigmund (D:4)
  Dowan (D:4)
  A jelly (D:3)
  7 gnolls
  5 adders
  5 worms
  2 dart slugs (D:1)
  An orc (D:2)
  5 endoplasms
  7 goblins
  7 hobgoblins
  2 jackals (D:4)
  6 kobolds
  3 quokkas
  12 ball pythons
  7 bats
  6 frilled lizards
  2 rats
80 creatures vanquished.

Vanquished Creatures (others)
  2 fungi (D:4)
  A plant (D:1)
  4 toadstools (D:4)
7 creatures vanquished.

Grand Total: 87 creatures vanquished

Table legend:
 A = Non-vault XP
 B = Vault XP
 C = Vault XP percentage of total XP
 D = Non-vault monster count
 E = Vault monster count
 F = Vault count percentage of total count
                 A         B        C        D         E       F
            +---------+---------+-------+---------+---------+-------
      Total |     328 |     283 |  46.3 |      74 |       6 |   7.5
            +---------+---------+-------+---------+---------+-------
        D:1 |      41 |       5 |  10.9 |      23 |       4 |  14.8
        D:2 |      82 |       0 |   0.0 |      24 |       0 |   0.0
        D:3 |     106 |       0 |   0.0 |      16 |       0 |   0.0
        D:4 |      99 |     278 |  73.7 |      11 |       2 |  15.4
            +---------+---------+-------+---------+---------+-------

Illustrated notes

Table legend:
 A = Kills in this place as a percentage of kills in entire the game.
 B = Kills by you in this place as a percentage of kills by you in the entire game.
 C = Kills by friends in this place as a percentage of kills by friends in the entire game.
 D = Other kills in this place as a percentage of other kills in the entire game.
 E = Experience gained in this place as a percentage of experience gained in the entire game.
 F = Experience gained in this place divided by the number of levels of this place that you have seen.
                   A       B       C       D       E      F
               +-------+-------+-------+-------+-------+----------------------
         Total | 100.0 | 100.0 |   N/A |   N/A | 100.0 | 152.8
       Dungeon | 100.0 | 100.0 |   N/A |   N/A | 100.0 | 152.8
               +-------+-------+-------+-------+-------+----------------------

Table legend: (Time is in decaauts)
 A = Elapsed time spent in this place.
 B = Non-inter-level travel time spent in this place.
 C = Inter-level travel time spent in this place.
 D = Time resting spent in this place.
 E = Time spent auto-exploring this place.
 F = Levels seen in this place.
 G = Mean time per level.
                   A        B        C        D        E       F      G
               +--------+--------+--------+--------+--------+-----+--------+
         Total |   4368 |   4102 |    266 |   1395 |   2041 |   4 | 1092.0 |
       Dungeon |   4368 |   4102 |    266 |   1395 |   2041 |   4 | 1092.0 |
               +--------+--------+--------+--------+--------+-----+--------+

Top non-repeatable levels by time:
     D:3: 1670 daAuts
     D:1: 1040 daAuts
     D:2: 926 daAuts
     D:4: 730 daAuts
